 Dungeon Crawl Stone Soup version 0.29-a0-512-gf59ac788ac (webtiles) character file.

Game seed: 1235645506221994348

145 croobank the Insei (level 5, -5/30 HPs)
             Began as an Octopode Transmuter on May 29, 2022.
             Slain by a gnoll
             ... wielding a +0 halberd
              (15 damage)
             ... on level 4 of the Dungeon.
             The game lasted 00:09:32 (3971 turns).

croobank the Insei (Octopode Transmuter)            Turns: 3971, Time: 00:09:33

Health: -5/30      AC:  1    Str:  9    XL:     5   Next: 27%
Magic:  5/9        EV: 13    Int: 18    God:
Gold:   208        SH:  0    Dex: 12    Spells: 3/9 levels left

rFire   . . .      SeeInvis .   j - +0 halberd
rCold   . . .      Faith    .   (shield currently unavailable)
rNeg    . . .      Spirit   .   (helmet restricted)
rPois   .          Reflect  .   (no amulet)
rElec   .          Harm     .   (no ring)
rCorr   .          Rampage  .   (no ring)
Will    .....                   (no ring)
Stlth   ++........              (no ring)
HPRegen 0.10/turn               (no ring)
MPRegen 0.11/turn               (no ring)
                                (no ring)
                                (no ring)

@: no status effects
A: almost no armour, amphibious, 8 rings, camouflage 1, gelatinous body 1,
(nimble swimmer 1), tentacles, frail 1, MP-powered wands
a: no special abilities


You were on level 4 of the Dungeon.
You visited 1 branch of the dungeon, and saw 4 of its levels.

You collected 208 gold pieces.

Inventory:

Hand Weapons
 e - a +0 dagger
 i - a +0 hand axe
 j - a +0 halberd (weapon)
Missiles
 d - 42 stones
 h - 3 poisoned darts
Wands
 l - a wand of iceblast (9)
Scrolls
 b - a scroll of silence
 c - a scroll of fog {unknown}
 k - a scroll of identify
 m - a scroll of enchant armour
Potions
 a - a potion of lignification
 f - a potion of haste
 g - a potion of invisibility


   Skills:
 + Level 2.3 Fighting
 + Level 2.9 Dodging
 - Level 3.6 Unarmed Combat
 + Level 2.8 Spellcasting
 + Level 2.9 Transmutations


You had 3 spell levels left.
You knew the following spells:

 Your Spells              Type           Power      Damage    Failure   Level
a - Beastly Appendage     Tmut           26%        N/A       4%          1
b - Wereblood             Tmut           13%        N/A       8%          2
c - Spider Form           Tmut/Pois      7%         N/A       26%         3

Your spell library contained the following spells:

 Spells                   Type           Power      Damage    Failure   Level
 Summon Small Mammal      Summ           8%         N/A       17%         1
 Call Imp                 Summ           2%         N/A       26%         2
 Call Canine Familiar     Summ           2%         N/A       45%         3
 Ice Form                 Ice/Tmut       7%         N/A       65%         4
 Summon Ice Beast         Ice/Summ       2%         N/A       86%         4
 Summon Mana Viper        Hex/Summ       2%         N/A       99%         5
 Malign Gateway           Summ/Tloc      1%         N/A       100%        7


Dungeon Overview and Level Annotations

Branches:
Dungeon (4/15)
 Temple: D:4-7

Altars:
Cheibriados
Nemelex Xobeh


Innate Abilities, Weirdness & Mutations

You cannot wear most types of armour.
You are amphibious.
You can wear up to eight rings at the same time.
Your skin changes colour to match your surroundings (Stealth+).
Your rubbery body absorbs attacks. (AC +1, EV +1)
((You are camouflaged when in or above water. (Stealth+)))
You have tentacles for arms and can constrict up to eight enemies at once.
You are frail. (-10% HP)
You expend magic power (3 MP) to strengthen your wands.


Message History

A gnoll comes into view. It is wielding a +0 halberd.
Casting: Spider Form (quite dangerous; 28% risk of failure)
Confirm with . or Enter, or press ? or * to list all spells.
The spell is quite dangerous to miscast (28% risk of failure)!
Continue anyway?
You turn into a venomous arachnid creature.
Your +0 halberd melds into your body.
You hit the gnoll.
The gnoll is lightly wounded.
The gnoll misses you.
You hit the gnoll.
The gnoll is poisoned.
The gnoll is moderately wounded.
The gnoll barely misses you. The gnoll hits you with a +0 whip!
You hit the gnoll but do no damage.
The gnoll is moderately wounded.
The gnoll closely misses you. The gnoll misses you.
You barely miss the gnoll.
The gnoll is moderately wounded.
The gnoll closely misses you. x2
You hit the gnoll but do no damage.
The gnoll looks as sick as possible!
The gnoll is moderately wounded.
Your transformation is almost over.
The gnoll closely misses you. The gnoll hits you with a +0 whip!
You hit the gnoll.
The gnoll looks as sick as possible!
The gnoll is severely wounded.
You kill the gnoll!
The gnoll completely misses you.
Your magical contamination has completely faded away.
You see here a +0 spear.
Your transformation has ended.
Your +0 halberd unmelds from your body.
The gnoll closely misses you.
You hit the gnoll but do no damage. You grab the gnoll. You squeeze the gnoll.
The gnoll is moderately wounded.
You constrict the gnoll, but do no damage.
The gnoll hits you with a +0 halberd.
The gnoll hits you from afar with a +0 spear.
You hit the gnoll.
The gnoll is severely wounded.
You constrict the gnoll. The gnoll hits you with a +0 halberd!
Ouch! That really hurt!
You die...

#...##.....##..#
#.#.#..#.#..#..#
#...'.#)#!#.'..#
#...#.†#.#..#..# ##
#...##.....##..# ..##
#....###+###...# # ..##
##.............# ..
#.######..#####.###.## #.#
#..gg@...........†..<.
#...###.#######..#..#..####.
#)g)## #....... . #.###
#.##### . #. .# . .. .# .
#.. ## . #.. # #..


You could see 2 gnolls.

Vanquished Creatures
  An iguana (D:4)
  2 gnolls (D:4)
  5 adders
  A worm (D:3)
  2 dart slugs
  2 orcs (D:3)
  2 endoplasms
  2 giant cockroaches (D:2)
  4 goblins
  6 hobgoblins
  3 quokkas
  5 ball pythons
  3 bats
  6 frilled lizards
  3 kobolds
  6 rats
53 creatures vanquished.

Notes
Turn   | Place    | Note
-------+----------+-------------------------------------------
     0 | D:1      | croobank the Octopode Transmuter began the quest for the
                  | Orb.
     0 | D:1      | Reached XP level 1. HP: 13/13 MP: 3/3
   602 | D:1      | Reached XP level 2. HP: 16/18 MP: 3/5
   605 | D:1      | Learned a level 2 spell: Wereblood
  1358 | D:2      | Reached XP level 3. HP: 15/23 MP: 3/6
  1775 | D:2      | Learned a level 3 spell: Spider Form
  2620 | D:3      | Reached XP level 4. HP: 22/29 MP: 5/7
  3169 | D:3      | Identified a scroll of acquirement
  3169 | D:3      | Acquired croobank's Reference Book on Summoning
  3200 | D:3      | Gained mutation: You are frail. (-10% HP) [potion of
                  | mutation]
  3200 | D:3      | Gained mutation: You expend magic power (3 MP) to
                  | strengthen your wands. [potion of mutation]
  3670 | D:3      | Found a snail-covered altar of Cheibriados.
  3670 | D:3      | Found a sparkling altar of Nemelex Xobeh.
  3774 | D:4      | Reached XP level 5. HP: 14/30 MP: 5/9
  3971 | D:4      | Slain by a gnoll

Illustrated notes

Levels and vault maps discovered:
D:1:      minmay_arrival_four_circles, layout_basic, minmay_quantized
D:2:      minmay_chambers_of_twos, layout_loops_ring
D:3:      minmay_angry_zag, layout_basic, gammafunk_temple_overflow_statue,
          minivault_14
D:4:      layout_loops_cross, serial_shops, nicolae_lakefront_shop,
          nicolae_lakefront_shop, nicolae_shop_temple_entry_statues_fountains,
          nicolae_shop_trees, minmay_box_of_dots

Skill      XL: |  1  2  3  4 |
---------------+-------------+-----
Fighting       | 2 |  2.3
Dodging        | |  2.9
Unarmed Combat | |  3.6
Spellcasting   | |  2.8
Transmutations | |  2.9

Action                   |  1- 3 |  4- 6 || total
-------------------------+-------+-------++-------
Melee: Unarmed           |    17 |    12 ||    29
       Dagger            |    23 |       ||    23
       Kick              |    21 |     7 ||    28
       Constrict         |    24 |     9 ||    33
       Tentacles         |    15 |     5 ||    20
       Punch             |     6 |       ||     6
       Hand axe          |    57 |    28 ||    85
       Halberd           |       |     2 ||     2
 Cast: Beastly Appendage |    24 |    11 ||    35
       Wereblood         |     4 |     3 ||     7
       Spider Form       |       |     2 ||     2
  Use: Scroll            |     8 |     3 ||    11
       Potion            |       |     3 ||     3
 Stab: Sleeping          |     4 |     6 ||    10
Armor: Skin              |    18 |     2 ||    20
Dodge: Dodged            |    79 |    35 ||   114

Table legend: (Time is in decaauts)
 A = Elapsed time spent in this place.
 B = Non-inter-level travel time spent in this place.
 C = Inter-level travel time spent in this place.
 D = Time resting spent in this place.
 E = Time spent auto-exploring this place.
 F = Levels seen in this place.
 G = Mean time per level.
                   A        B        C        D        E       F      G
               +--------+--------+--------+--------+--------+-----+--------+
         Total |   3993 |   3938 |     55 |    586 |   2770 |   4 |  998.2 |
       Dungeon |   3993 |   3938 |     55 |    586 |   2770 |   4 |  998.2 |
               +--------+--------+--------+--------+--------+-----+--------+

Top non-repeatable levels by time:
     D:1: 1333 daAuts
     D:3: 1248 daAuts
     D:2: 1143 daAuts
     D:4: 267 daAuts
